PL
RICHARDSON CITY THUNDERCATS @ ATLANTA SMOKE
08/06/2021
 
TOP OF THE 1ST
Richardson City Thundercats batting - Pitching for Atlanta Smoke : RHP Christian Bates
Pitching: RHP Christian Bates
Batting: RHB Chriss Mann 0-0: Ball
1-0: Called Strike
1-1: Foul Ball, location: 2F
1-2: Foul Ball, location: 2F
1-2: Ball
2-2: Ball
3-2: Fly out, F3 (Popup, 3L)
Batting: RHB Joey Jones 0-0: Called Strike
0-1: Ball
1-1: Fly out, F8 (Flyball, 8LXD)
Batting: RHB Juan Cabrera 0-0: Called Strike
0-1: Foul Ball, location: 2F
0-2: Ball
1-2: Foul Ball, location: 2F
1-2: Foul Ball, location: 2F
1-2: Strikes out looking
Top of the 1st over - 0 run(s), 0 hit(s), 0 error(s), 0 left on base; Richardson City 0 - Atlanta 0
BOTTOM OF THE 1ST
Atlanta Smoke batting - Pitching for Richardson City Thundercats : RHP Ryan Davis
Pitching: RHP Ryan Davis
Batting: LHB Albert Morán 0-0: Called Strike
0-1: Foul Ball, location: 2F
0-2: Ball
1-2: Ground out 4-3 (Groundball, 4M)
Batting: RHB Cale Sutton 0-0: Ball
1-0: Called Strike
1-1: Swinging Strike
1-2: Strikes out swinging
Batting: LHB Mike Silver 0-0: Called Strike
0-1: Ball
1-1: Ball
2-1: Ball
3-1: Swinging Strike
3-2: Base on Balls
Batting: RHB Bob Campbell 0-0: Ball
Mike Silver is caught stealing 2nd base
Bottom of the 1st over - 0 run(s), 0 hit(s), 0 error(s), 0 left on base; Richardson City 0 - Atlanta 0
TOP OF THE 2ND
Richardson City Thundercats batting - Pitching for Atlanta Smoke : RHP Christian Bates
Batting: SHB Leonard O'Connor 0-0: Foul Ball, location: 2F
0-1: Foul Ball, location: 2F
0-2: Strikes out looking
Batting: RHB Nate Cates 0-0: Ball
1-0: Ball
2-0: Foul Ball, location: 2F
2-1: Ball
3-1: Foul Ball, location: 2F
3-2: Foul Ball, location: 2F
3-2: Strikes out swinging
Batting: LHB Terrence Eler 0-0: Ball
1-0: Ball
2-0: Called Strike
2-1: Foul Ball, location: 2F
2-2: Ball
3-2: Foul Ball, location: 2F
3-2: Fly out, F7 (Flyball, 78D)
Top of the 2nd over - 0 run(s), 0 hit(s), 0 error(s), 0 left on base; Richardson City 0 - Atlanta 0
BOTTOM OF THE 2ND
Atlanta Smoke batting - Pitching for Richardson City Thundercats : RHP Ryan Davis
Batting: RHB Bob Campbell 0-0: Ground out 3-1 (Groundball, 34S)
Batting: LHB Armando Esparza 0-0: Ball
1-0: Swinging Strike
1-1: Ground out 6-3 (Groundball, 6)
Batting: RHB Nathan Horton 0-0: Called Strike
0-1: Ground out 5-3 (Groundball, 5S)
Bottom of the 2nd over - 0 run(s), 0 hit(s), 0 error(s), 0 left on base; Richardson City 0 - Atlanta 0
TOP OF THE 3RD
Richardson City Thundercats batting - Pitching for Atlanta Smoke : RHP Christian Bates
Batting: RHB Iván Pérez 0-0: Ball
1-0: Ball
2-0: Called Strike
2-1: Foul Ball, location: 2F
2-2: Foul Ball, location: 2F
2-2: Ball
3-2: Ground out 5-3 (Groundball, 56)
Batting: SHB Eugene Parrish 0-0: Called Strike
0-1: Fly out, F9 (Flyball, 89M)
Batting: RHB Aurelio Vázquez 0-0: Swinging Strike
0-1: Foul Ball, location: 2F
0-2: Ball
1-2: Strikes out swinging
Top of the 3rd over - 0 run(s), 0 hit(s), 0 error(s), 0 left on base; Richardson City 0 - Atlanta 0
BOTTOM OF THE 3RD
Atlanta Smoke batting - Pitching for Richardson City Thundercats : RHP Ryan Davis
Batting: RHB Chae-hyeong Kim 0-0: SINGLE (Line Drive, 8LS)
Batting: RHB Jeremy Christensen 0-0: Ball
1-0: Ball
2-0: Fly out, F8 (Flyball, 8RD)
Batting: LHB Mike Blue 0-0: Fly out, F9 (Line Drive, 89S)
Batting: LHB Albert Morán 0-0: Foul Ball, location: 2F
0-1: Ball
1-1: Ball
2-1: Ground out 1-3 (Groundball, 13S)
Bottom of the 3rd over - 0 run(s), 1 hit(s), 0 error(s), 1 left on base; Richardson City 0 - Atlanta 0
TOP OF THE 4TH
Richardson City Thundercats batting - Pitching for Atlanta Smoke : RHP Christian Bates
Batting: RHB Chriss Mann 0-0: Called Strike
0-1: Ball
1-1: Ball
2-1: Foul Ball, location: 2F
2-2: Foul Ball, location: 2F
2-2: Foul Ball, location: 2F
2-2: Ball
3-2: Ground out 6-3 (Groundball, 6M)
Batting: RHB Joey Jones 0-0: Ball
1-0: SINGLE (Groundball, 34S)
Batting: RHB Juan Cabrera 0-0: Ball
Joey Jones steals 2nd base
1-0: Ground out 6-3 (Groundball, 6)
Joey Jones to third
Batting: SHB Leonard O'Connor 0-0: Called Strike
0-1: Ball
1-1: Foul Ball, location: 2F
1-2: Strikes out swinging
Top of the 4th over - 0 run(s), 1 hit(s), 0 error(s), 1 left on base; Richardson City 0 - Atlanta 0
BOTTOM OF THE 4TH
Atlanta Smoke batting - Pitching for Richardson City Thundercats : RHP Ryan Davis
Batting: RHB Cale Sutton 0-0: Ball
1-0: SINGLE (Line Drive, 4MD)
Batting: LHB Mike Silver 0-0: Called Strike
0-1: Ball
1-1: Called Strike
Cale Sutton steals 2nd base
1-2: Ball
2-2: Foul Ball, location: 2F
2-2: Foul Ball, location: 2F
2-2: Foul Ball, location: 2F
2-2: SINGLE (Line Drive, 89S)
Cale Sutton to third
Batting: RHB Bob Campbell 0-0: Ball
1-0: Ball
Wild Pitch!
Cale Sutton scores
Mike Silver to second
2-0: SINGLE (Groundball, 4D)
Mike Silver to third
Runner from 3rd tries for Home, SAFE, no throw or cutoff
Batting: LHB Armando Esparza 0-0: Ball
1-0: Swinging Strike
1-1: Foul Ball, location: 2F
1-2: Grounds into double play, 4-6-3 (Groundball, 4)
Batting: RHB Nathan Horton 0-0: Ball
1-0: Ball
2-0: Ground out 5-3 (Groundball, 5)
Bottom of the 4th over - 2 run(s), 3 hit(s), 0 error(s), 0 left on base; Richardson City 0 - Atlanta 2
TOP OF THE 5TH
Richardson City Thundercats batting - Pitching for Atlanta Smoke : RHP Christian Bates
Batting: RHB Nate Cates 0-0: Fly out, F7 (Flyball, 7M)
Batting: LHB Terrence Eler 0-0: Ball
1-0: Swinging Strike
1-1: Ground out 6-3 (Groundball, 56)
Batting: RHB Iván Pérez 0-0: Ground out 6-3 (Groundball, 6M)
Top of the 5th over - 0 run(s), 0 hit(s), 0 error(s), 0 left on base; Richardson City 0 - Atlanta 2
BOTTOM OF THE 5TH
Atlanta Smoke batting - Pitching for Richardson City Thundercats : RHP Ryan Davis
Batting: RHB Chae-hyeong Kim 0-0: Ball
1-0: Ball
2-0: Fly out, F3 (Line Drive, 34)
Batting: RHB Jeremy Christensen 0-0: Ball
1-0: Ground out 5-3 (Groundball, 5S)
Batting: LHB Mike Blue 0-0: Swinging Strike
0-1: Called Strike
0-2: SOLO HOME RUN (Flyball, 9D), Distance : 379 ft
Batting: LHB Albert Morán 0-0: Ground out 4-3 (Groundball, 4)
Bottom of the 5th over - 1 run(s), 1 hit(s), 0 error(s), 0 left on base; Richardson City 0 - Atlanta 3
TOP OF THE 6TH
Richardson City Thundercats batting - Pitching for Atlanta Smoke : RHP Christian Bates
Batting: SHB Eugene Parrish 0-0: Ground out 4-3 (Groundball, 4)
Batting: RHB Aurelio Vázquez 0-0: Foul Ball, location: 2F
0-1: Ground out 6-3 (Groundball, 6)
Batting: RHB Chriss Mann 0-0: Ground out 6-3 (Groundball, 6M)
Top of the 6th over - 0 run(s), 0 hit(s), 0 error(s), 0 left on base; Richardson City 0 - Atlanta 3
BOTTOM OF THE 6TH
Atlanta Smoke batting - Pitching for Richardson City Thundercats : RHP Ryan Davis
Batting: RHB Cale Sutton 0-0: Called Strike
0-1: Foul Ball, location: 2F
0-2: Ball
1-2: Ball
2-2: Ground out 5-3 (Groundball, 56)
Batting: LHB Mike Silver 0-0: Called Strike
0-1: Reached on error, E3 (Groundball, 3)
Batting: RHB Bob Campbell 0-0: Called Strike
0-1: Fielders Choice at 2nd, 1-6 (Groundball, 25)
Batting: LHB Armando Esparza 0-0: Ball
1-0: Fly out, F9 (Flyball, 9LD)
Bottom of the 6th over - 0 run(s), 0 hit(s), 1 error(s), 1 left on base; Richardson City 0 - Atlanta 3
TOP OF THE 7TH
Richardson City Thundercats batting - Pitching for Atlanta Smoke : RHP Christian Bates
Batting: RHB Joey Jones 0-0: Ball
1-0: SINGLE (Groundball, 34S)
Batting: RHB Juan Cabrera 0-0: Ball
1-0: Called Strike
1-1: Foul Ball, location: 2F
1-2: Ground out 5-3 (Groundball, 5S)
Joey Jones to second
Batting: SHB Leonard O'Connor 0-0: Fly out, F6 (Popup, 6MS)
Batting: RHB Nate Cates 0-0: Swinging Strike
0-1: Ball
1-1: Fly out, F7 (Flyball, 78D)
Top of the 7th over - 0 run(s), 1 hit(s), 0 error(s), 1 left on base; Richardson City 0 - Atlanta 3
BOTTOM OF THE 7TH
Atlanta Smoke batting - Pitching for Richardson City Thundercats : RHP Ryan Davis
Batting: RHB Nathan Horton 0-0: Ball
1-0: Ball
2-0: Ball
3-0: Base on Balls
Batting: RHB Chae-hyeong Kim 0-0: Swinging Strike
0-1: Ball
Nathan Horton steals 2nd base
1-1: Swinging Strike
1-2: Foul Ball, location: 2F
1-2: Ball
2-2: SINGLE (Line Drive, 8RS)
Nathan Horton to third
Batting: RHB Jeremy Christensen 0-0: Called Strike
0-1: Foul Ball, location: 2F
0-2: Ball
1-2: Foul Ball, location: 2F
1-2: Foul Ball, location: 2F
1-2: Ball
2-2: Foul Ball, location: 2F
2-2: Strikes out swinging
Batting: LHB Mike Blue Single, Error in OF, E9, batter to second base
Nathan Horton scores
Chae-hyeong Kim to third
Pitching: RHP Josef van der Poel
Batting: LHB Albert Morán 0-0: SINGLE (Line Drive, 4D)
Chae-hyeong Kim scores
Mike Blue to third
Runner from 3rd tries for Home, throw and OUT!
Albert Morán to second
Batting: RHB Cale Sutton 0-0: Ball
Albert Morán steals 3rd base
1-0: Foul Ball, location: 2F
1-1: Foul Ball, location: 2F
1-2: Fly out, F9 (Flyball, 89D)
Bottom of the 7th over - 2 run(s), 3 hit(s), 1 error(s), 1 left on base; Richardson City 0 - Atlanta 5
TOP OF THE 8TH
Richardson City Thundercats batting - Pitching for Atlanta Smoke : RHP Christian Bates
Batting: LHB Terrence Eler 0-0: Foul Ball, location: 2F
0-1: Fly out, F7 (Flyball, 6D)
Batting: RHB Iván Pérez 0-0: Ball
1-0: Foul Ball, location: 2F
1-1: Ball
2-1: Foul Ball, location: 2F
2-2: Fly out, F3 (Popup, 3SF)
Batting: SHB Eugene Parrish 0-0: SINGLE (Line Drive, 9S)
Batting: RHB Aurelio Vázquez 0-0: Ball
1-0: Swinging Strike
1-1: Swinging Strike
1-2: Foul Ball, location: 2F
1-2: Strikes out swinging
Top of the 8th over - 0 run(s), 1 hit(s), 0 error(s), 1 left on base; Richardson City 0 - Atlanta 5
BOTTOM OF THE 8TH
Atlanta Smoke batting - Pitching for Richardson City Thundercats : RHP Josef van der Poel
Batting: LHB Mike Silver 0-0: Called Strike
0-1: Ball
1-1: Ground out U3 (Groundball, 3)
Batting: RHB Bob Campbell 0-0: Called Strike
0-1: Ball
1-1: Ball
2-1: Swinging Strike
2-2: Strikes out swinging
Batting: LHB Armando Esparza 0-0: Ball
1-0: Ball
2-0: Called Strike
2-1: Swinging Strike
2-2: Ground out 4-3 (Groundball, 4)
Bottom of the 8th over - 0 run(s), 0 hit(s), 0 error(s), 0 left on base; Richardson City 0 - Atlanta 5
TOP OF THE 9TH
Richardson City Thundercats batting - Pitching for Atlanta Smoke : RHP Christian Bates
Batting: RHB Chriss Mann 0-0: Ball
1-0: Foul Ball, location: 2F
1-1: Foul Ball, location: 2F
1-2: Foul Ball, location: 2F
1-2: Foul Ball, location: 2F
1-2: Ball
2-2: Foul Ball, location: 2F
2-2: Ball
3-2: Foul Ball, location: 2F
3-2: Foul Ball, location: 2F
3-2: SINGLE (Groundball, 56)
Batting: RHB Joey Jones 0-0: Ball
1-0: Foul Ball, location: 2F
1-1: Fly out, F9 (Flyball, 89M)
Batting: RHB Juan Cabrera 0-0: Called Strike
0-1: Fielders Choice at 2nd, 6-4 (Groundball, 6)
Batting: SHB Leonard O'Connor 0-0: Ground out 3-1 (Groundball, 34S)
Top of the 9th over - 0 run(s), 1 hit(s), 0 error(s), 1 left on base; Richardson City 0 - Atlanta 5
This league is powered by Out of the Park Baseball, the baseball management simulation game for PC, Mac and Linux
Friday, January 22nd, 2016 - OOTP Baseball 16.9 Build 39